 Dungeon Crawl Stone Soup version 0.20-a0-972-gb9bd3e6 (webtiles) character file.

371 Leszczynek the Ruffian (level 6, -2/53 HPs)
             Began as an Ogre Summoner on Apr 9, 2017.
             Slain by a centaur (8 damage)
             ... on level 6 of the Dungeon.
             The game lasted 00:11:51 (1684 turns).

Leszczynek the Ruffian (Ogre Summoner)              Turns: 1684, Time: 00:11:52

Health: -2/53      AC:  5    Str: 18    XL:     6   Next: 70%
Magic:  9/9        EV: 10    Int: 16    God:
Gold:   110        SH:  0    Dex: 11    Spells: 3/9 levels left

rFire    + . .     SeeInvis .   q - +0 dagger (venom)
rCold    . . .     Gourm    .   (no shield)
rNeg     . . .     Faith    .   o - +2 robe {rF+}
rPois    .         Spirit   .   (helmet restricted)
rElec    .         Reflect  .   (no cloak)
rCorr    .         Harm     .   (gloves unavailable)
MR       .....                  (boots unavailable)
Stlth    ++........             l - amulet of rage
Regen    0.2/turn               h - ring of wizardry
MPRegen  0.2/turn               (no ring)

@: mighty
A: unfitting armour, tough skin 1
a: Evoke Berserk Rage


You were on level 6 of the Dungeon.
You were not hungry.

You visited 1 branch of the dungeon, and saw 6 of its levels.

You collected 110 gold pieces.

Inventory:

Hand Weapons
 e - a +0 whip
 g - a +0 short sword
 j - a +0 dagger of venom
 q - a +0 dagger of venom (weapon)
Missiles
 i - 2 throwing nets (quivered)
 A - 5 tomahawks
Armour
 a - a +0 robe
 o - a +2 robe of fire resistance (worn)
Jewellery
 h - a ring of wizardry (left hand)
 l - an amulet of rage (around neck)
Scrolls
 f - 2 scrolls of identify {@r1}
 n - a scroll of amnesia {unknown}
 s - a scroll of enchant weapon {unknown}
 t - a scroll of noise {unknown}
 x - a scroll of fear {unknown}
 y - a scroll of remove curse {unknown}
Potions
 p - a potion of haste {unknown}
 r - a potion of agility {unknown}
 u - a potion of might
 v - a potion of ambrosia {unknown}
 w - a potion of lignification {unknown}
Books
 b - a book of Callings

   Spells                             Type                      Level
   a - Summon Small Mammal            Summoning                    1
   b - Call Imp                       Summoning                    2
   c - Call Canine Familiar           Summoning                    3
   d - Summon Guardian Golem          Hexes/Summoning              3
   e - Summon Lightning Spire         Summoning/Air                4
   f - Summon Ice Beast               Ice/Summoning                4
Comestibles
 c - 2 royal jellies
 d - a bread ration
 k - 3 fruits
 m - 10 chunks of flesh
 z - a meat ration


   Skills:
 - Level 1.7 Dodging
 - Level 1.4 Stealth
 + Level 5.9 Unarmed Combat
 - Level 2.4 Spellcasting
 - Level 3.6 Summonings


You had 3 spell levels left.
You knew the following spells:

 Your Spells              Type           Power        Failure   Level  Hunger
a - Summon Small Mammal   Summ           ##..         2%          1    #......
b - Call Imp              Summ           ##......     4%          2    ###....
c - Call Canine Familiar  Summ           ##......     6%          3    ###....


Dungeon Overview and Level Annotations

Branches:
Dungeon (6/15)
 Temple: D:4-7

Altars:
Nemelex Xobeh
Ru
Vehumet


Innate Abilities, Weirdness & Mutations

You are too large for most types of armour.
You have tough skin. (AC +1)


Message History

As you open the door, it creaks loudly!
You hear a shout!
There is an open door here.
A centaur comes into view.
The centaur shouts!
The centaur wields a shortbow.
The centaur shoots an arrow.
The arrow barely misses you.
You open the door.
The centaur shoots an arrow.
The arrow hits you!
The centaur shoots an arrow.
The arrow hits you!
Found a leather armour.
The centaur shoots an arrow.
The arrow hits you!
* * * LOW HITPOINT WARNING * * *
There is an open door, spattered with blood here.
You see here an arrow.
It was a potion of might.
You feel very mighty all of a sudden.
There's something blocking the doorway.
Unknown command.
The centaur unwields an uncursed shortbow.
The centaur hits you!
You die...

#### #..# +..# ####@#
#######.#[c#
#......(#(#######
#.......(.......#
#...............#
#...............#
#.............c.########
#...............'.......
#...............#######.


You could see a centaur.

Vanquished Creatures
  A centaur (D:5)
  A hound (D:3)
  Jessica (D:3)
  An iguana (D:4)
  2 orc wizards (D:4)
  A gnoll (D:3)
  2 worms (D:3)
  A leopard gecko (D:2)
  4 orcs
  3 giant cockroaches
  A goblin (D:2)
  A hobgoblin (D:3)
  2 jackals (D:2)
  2 ball pythons
  4 bats
  2 frilled lizards
  6 kobolds
  A quokka zombie (D:6)
  7 rats
43 creatures vanquished.

Vanquished Creatures (collateral kills)
  A phantom (D:4)
  A hound (D:5)
  An orc wizard (D:5)
  A hound skeleton (D:5)
  A howler monkey zombie (D:5)
  2 gnolls (D:3)
  A shadow imp (D:4)
  5 orcs
  A goblin (D:1)
  A jackal (D:2)
  A ball python (D:3)
  2 frilled lizards
  A leopard gecko skeleton (D:4)
  A rat (D:1)
20 creatures vanquished.

Grand Total: 63 creatures vanquished

Notes
Turn   | Place    | Note
-------+----------+-------------------------------------------
     0 | D:1      | Leszczynek the Ogre Summoner began the quest for the Orb.
     0 | D:1      | Reached XP level 1. HP: 16/16 MP: 3/3
   111 | D:2      | Reached skill level 1 in Unarmed Combat
   246 | D:1      | Reached XP level 2. HP: 23/24 MP: 5/5
   254 | D:1      | Learned a level 2 spell: Call Imp
   492 | D:2      | Reached skill level 2 in Unarmed Combat
   499 | D:2      | Found a faded altar of an unknown god.
   528 | D:2      | Found a sacrificial altar of Ru.
   540 | D:2      | Reached XP level 3. HP: 30/31 MP: 6/6
   586 | D:3      | Noticed Jessica
   592 | D:3      | Killed Jessica
   660 | D:2      | Reached skill level 3 in Unarmed Combat
   700 | D:3      | Reached XP level 4. HP: 29/39 MP: 3/7
   705 | D:3      | Learned a level 3 spell: Call Canine Familiar
  1067 | D:4      | Found a radiant altar of Vehumet.
  1088 | D:4      | Reached skill level 4 in Unarmed Combat
  1088 | D:4      | Reached XP level 5. HP: 41/45 MP: 4/8
  1150 | D:4      | Noticed a phantom
  1174 | D:4      | Killed a phantom
  1174 | D:4      | Reached skill level 5 in Unarmed Combat
  1197 | D:4      | Found a sparkling altar of Nemelex Xobeh.
  1248 | D:4      | Reached XP level 6. HP: 34/53 MP: 2/9
  1327 | D:5      | Entered Level 5 of the Dungeon
  1679 | D:6      | HP: 5/53 [centaur/arrow (12)]
  1684 | D:6      | Slain by a centaur

Vault maps used:
D:1:      dpeg_arrival_ternary
D:2:      nicolae_ru_awakened_eye, first_bread,
          chequers_ecumenical_altar_simple_redux, serial_park_tiny_2,
          uniq_terence
D:3:      uniq_jessica
D:4:      kennysheep_mini_moat, marbit_many_paths, kennysheep_mini
D:5:      grunt_temple_overflow_open
D:6:      regret_index_temple_of_mockery, lemuel_doored_altar,
          minmay_temple_entry_enclosed_plants, trog_wizard

Skill      XL: |  1  2  3  4  5 |
---------------+----------------+-----
Unarmed Combat | 1 2 3 4 5 |  5.9
Dodging        | |  1.7
Stealth        | |  1.4
Spellcasting   | |  2.4
Summonings     | |  3.6

Action                   |  1- 3 |  4- 6 || total
-------------------------+-------+-------++-------
Melee: Whip              |    21 |       ||    21
       Unarmed           |     4 |    26 ||    30
       Short sword       |    19 |       ||    19
       Dagger            |    40 |    67 ||   107
       Punch             |       |     1 ||     1
 Cast: Summon Small Mamm |     6 |       ||     6
       Call Imp          |     4 |     4 ||     8
       Call Canine Famil |       |     9 ||     9
  Use: Scroll            |     1 |       ||     1
       Potion            |       |     1 ||     1
 Stab: Sleeping          |     4 |     1 ||     5
       Distracted        |       |     2 ||     2
  Eat: Chunk             |       |     5 ||     5
Armor: Robe              |    27 |    28 ||    55
Dodge: Dodged            |    45 |    44 ||    89
